 Dungeon Crawl Stone Soup version 0.19-a0-376-gf780d9b (webtiles) character file.

215 ololoev the Magician (level 5, -1/28 HPs)
             Began as a Deep Elf Fire Elementalist on May 30, 2016.
             Slain by tstbtto's ghost (8 damage)
             ... on level 4 of the Dungeon.
             The game lasted 00:07:14 (905 turns).

ololoev the Magician (Deep Elf Fire Elementalist)    Turns: 905, Time: 00:07:15

Health: -1/28      AC:  4    Str:  5    XL:     5   Next: 60%
Magic:  11/22      EV: 13    Int: 29    God:
Gold:   83         SH:  0    Dex: 15    Spells: 3 memorised, 6 levels left

rFire  . . .     SeeInvis .     a - +2 whip (drain)
rCold  . . .     Gourm    .     g - +0 robe
rNeg   . . .     Faith    .     (no shield)
rPois  .         Spirit   .     f - +1 helmet {Int+3}
rElec  .         Dismiss  .     (no cloak)
rCorr  .         Reflect  .     (no gloves)
SustAt .         Harm     .     (no boots)
MR     .....                    (no amulet)
Stlth  ++........               l - +5 ring of intelligence
                                d - ring of magical power

@: lethally poisoned (-1 -> -10), not resistant to hostile enchantments,
unstealthy
A: no striking features
a: no special abilities

Inventory:

Hand Weapons
 a - a +2 whip of draining (weapon)
Armour
 f - a +1 helmet of intelligence (worn)
 g - a +0 robe (worn)
Jewellery
 d - a ring of magical power (left hand)
 l - a +5 ring of intelligence (right hand)
Scrolls
 e - a scroll of teleportation {unknown}
 i - a scroll of fear {unknown}
 j - a scroll of blinking {unknown}
 o - a scroll of remove curse {unknown}
 p - a scroll of magic mapping {unknown}
Potions
 h - a potion of lignification {unknown}
Books
 b - a book of Flames

   Spells                             Type                      Level
   a - Flame Tongue                   Conjuration/Fire             1
   b - Throw Flame                    Conjuration/Fire             2
   c - Conjure Flame                  Conjuration/Fire             3
   d - Inner Flame                    Hexes/Fire                   3
   e - Sticky Flame                   Conjuration/Fire             4
   f - Fireball                       Conjuration/Fire             5
Comestibles
 c - 2 bread rations
 k - a slice of pizza
 m - 3 fruits


   Skills:
 - Level 2.4 Dodging
 - Level 2.4 Stealth
 + Level 4.6 Spellcasting
 * Level 4.4 Conjurations
 + Level 4.4 Fire Magic


You had 6 spell levels left.
You knew the following spells:

 Your Spells              Type           Power        Failure   Level  Hunger
a - Flame Tongue          Conj/Fire      ####.        1%          1    None
b - Conjure Flame         Conj/Fire      ####....     3%          3    #......
e - Inner Flame           Hex/Fire       ###.....     10%         3    #......


You were on level 4 of the Dungeon.
You were hungry.

You visited 1 branch of the dungeon, and saw 5 of its levels.

You collected 83 gold pieces. #.# ##...#####r####### ###.### #.....# #.#rrrr.. #...§.# ###...#####.# rr.rr

#.#§#.#######.....# #..r# ..§r
#.#.§.............###.#r####(##
#.###.#######.........#.r÷rrr..
#.# #r# ####........#######
###.###.##########r########
#.......##.?....@.r#
#.#####.##.......Wr#
#.#####.##.######..#
#.##....##.### #..#######
#.##...... ....##.........
#.##....## #..........#(
#.##..... ######...#...#
#.##..##.# ..........#....
#......#.# ######...#####.

Notes
Turn   | Place    | Note
--------------------------------------------------------------
     0 | D:1      | ololoev the Deep Elf Fire Elementalist began the quest for the Orb.
     0 | D:1      | Reached XP level 1. HP: 10/10 MP: 6/6
    95 | D:2      | Reached XP level 2. HP: 11/15 MP: 5/8
   233 | D:2      | Reached XP level 3. HP: 12/19 MP: 10/10
   306 | D:2      | Learned a level 3 spell: Conjure Flame
   310 | D:2      | Learned a level 3 spell: Inner Flame
   451 | D:3      | Reached XP level 4. HP: 24/24 MP: 11/11
   530 | D:5      | Entered Level 5 of the Dungeon
   708 | D:4      | Reached XP level 5. HP: 25/28 MP: 3/13
   817 | D:4      | Noticed tstbtto's ghost (amateur MiCK)
   905 | D:4      | Slain by tstbtto's ghost

Dungeon Overview and Level Annotations

Branches:
Dungeon (5/15)
 Temple: D:4-7

Altars:

Annotations:
D:4 tstbtto's ghost, amateur MiCK


Message History

Aiming: Inner Flame
Press: ? - help, Shift-Dir - straight line, f/p - worker ant
Aim: a worker ant (chance to defeat MR: 81%)
The worker ant is filled with an inner flame.
Press: ? - help, v - describe, . - travel
Here: tstbtto's ghost, wielding a weapon of chaos The floor.
Casting: Inner Flame
Confirm with . or Enter, or press ? or * to list all spells.
Aiming: Flame Tongue
Press: ? - help, Shift-Dir - straight line, f/p - worker ant
Aim: a worker ant (inner flame)
The flame tongue hits the worker ant.
The worker ant is moderately wounded.
All of the chunks of flesh in your inventory have rotted away.
Casting: Flame Tongue
Confirm with . or Enter, or press ? or * to list all spells.
Aiming: Flame Tongue
Press: ? - help, Shift-Dir - straight line, f/p - worker ant
Aim: a worker ant (moderately wounded, inner flame)
The flame tongue hits the worker ant.
The worker ant appears unharmed.
The worker ant is moderately wounded.
Casting: Flame Tongue
Confirm with . or Enter, or press ? or * to list all spells.
Aiming: Flame Tongue
Press: ? - help, Shift-Dir - straight line, f/p - worker ant
Aim: a worker ant (moderately wounded, inner flame)
The flame tongue hits the worker ant.
The worker ant appears unharmed.
The worker ant is moderately wounded.
The worker ant waves its antennae.
Casting: Flame Tongue
Confirm with . or Enter, or press ? or * to list all spells.
Aiming: Flame Tongue
Press: ? - help, Shift-Dir - straight line, f/p - worker ant
Aim: a worker ant (moderately wounded, inner flame)
The flame tongue misses the worker ant.
Casting: Flame Tongue
Confirm with . or Enter, or press ? or * to list all spells.
Aiming: Flame Tongue
Press: ? - help, Shift-Dir - straight line, f/p - worker ant
Aim: a worker ant (moderately wounded, inner flame)
The flame tongue hits the worker ant.
The worker ant is almost dead.
Casting: Flame Tongue
Confirm with . or Enter, or press ? or * to list all spells.
Aiming: Flame Tongue
Press: ? - help, Shift-Dir - straight line, f/p - worker ant
Aim: a worker ant (almost dead, inner flame)
The flame tongue hits the worker ant.
The worker ant explodes!
Unknown command.
Unknown command.
There is an open door here.
You close the door.
Tstbtto's ghost opens the door.
There is a stone staircase leading down here.
You climb downwards.
An adder and 4 gnolls come into view.
Found a whip and a hunting sling.
There is a stone staircase leading up here.
The gnoll shouts! x3
The gnoll closely misses you. The gnoll hits you with a spear!
The gnoll hits you with a spear.
You climb upwards.
Level annotation: tstbtto's ghost, amateur MiCK
There is a stone staircase leading down here.
Tstbtto's ghost misses you.
Tstbtto's ghost laughs crazily.
You are feeling hungry.
There is an open door here.
Found 5 tomahawks.
The rat bites you but does no damage. The rat bites you.
Found a scroll labeled FAISHA QOTAEB.
The rat bites you but does no damage. Tstbtto's ghost hits you.
You are poisoned.
The river rat bites you.
You feel sick. Tstbtto's ghost hits you.
You are electrocuted!
You die...

You could see tstbtto's ghost, a river rat and 2 rats.

Vanquished Creatures
  A howler monkey (D:4)
  An iguana (D:4)
  A worker ant (D:4)
  A hound skeleton (D:4)
  3 gnolls (D:2)
  An adder (D:2)
  3 river rats (D:4)
  A shadow imp (D:5)
  A dart slug (D:2)
  2 bats
  4 giant cockroaches
  2 goblins
  7 hobgoblins (D:2)
  2 kobolds
  3 giant newts
  9 rats
42 creatures vanquished.

Action                   |  1- 3 |  4- 6 || total
-------------------------+-------+-------++-------
Melee: Whip              |     2 |     1 ||     3
 Cast: Flame Tongue      |    44 |    29 ||    73
       Conjure Flame     |     1 |     5 ||     6
       Inner Flame       |       |     6 ||     6
Armor: Robe              |     2 |     3 ||     5
Dodge: Dodged            |    15 |     9 ||    24

Vault maps used:
D:1:      tarquinn_simple_flora_water_f
D:2:      grunt_dithmenos_smoke, st_stairs_13, nicolae_ru_path_of_blood
D:3:      first_bread
D:4:      fedhas_altar_1, dk_rats_in_the_wall
D:5:      minmay_temple_entry_statues_pillars
